 Dungeon Crawl Stone Soup version 0.21-a0-507-ga8f6b7a (webtiles) character file.

228 qqqbard the Digger (level 6, -9/32 HPs)
             Began as a Gargoyle Earth Elementalist on Nov 27, 2017.
             Mangled by an orc warrior
             ... wielding a +0 flail
              (23 damage)
             ... on level 3 of the Dungeon.
             The game lasted 00:05:14 (2420 turns).

qqqbard the Digger (Gargoyle Earth Elementalist)    Turns: 2420, Time: 00:05:14

Health: -9/32      AC:  8    Str: 12    XL:     6   Next: 2%
Magic:  6/12       EV: 12    Int: 17    God:
Gold:   110        SH:  0    Dex: 10    Spells: 9/13 levels left

rFire    . . .     SeeInvis .   p - +2 dagger (vamp)
rCold    . . .     Gourm    .   (no shield)
rNeg     + . .     Faith    .   c - +0 robe
rPois    ∞         Spirit   .   (no helmet)
rElec    +         Reflect  .   v - +1 cloak {rPois}
rCorr    .         Harm     .   (no gloves)
MR       .....                  (no boots)
Stlth    ++........             x - amulet of regeneration
HPRegen  0.50/turn              (no ring)
MPRegen  0.13/turn              (no ring)

@: no status effects
A: negative energy resistance 1, electricity resistance, unbreathing,
petrification resistance, rot immunity, AC +4
a: no special abilities


You were on level 3 of the Dungeon.
You were not hungry.

You visited 1 branch of the dungeon, and saw 3 of its levels.

You collected 110 gold pieces.

Inventory:

Hand Weapons
 p - a +2 vampiric dagger (weapon)
 q - a +4 quarterstaff of chaos
Missiles
 b - 57 stones (quivered)
Armour
 c - a +0 robe (worn)
 v - a +1 cloak of poison resistance (worn)
Jewellery
 x - an amulet of regeneration (around neck)
 y - an uncursed ring of protection from cold {unknown}
Scrolls
 f - 2 scrolls of amnesia {unknown}
 g - 3 scrolls of remove curse {unknown}
 h - 2 scrolls of fear {unknown}
 i - a scroll of magic mapping {unknown}
 m - 4 scrolls of identify
 o - a scroll of immolation {unknown}
 u - a scroll of enchant armour {unknown}
Potions
 a - 2 potions of mutation {unknown}
 j - a potion of might
 l - a potion of heal wounds {unknown}
 n - 2 potions of flight {unknown}
 r - 2 potions of curing {unknown}
 s - a potion of lignification {unknown}
Books
 e - a book of Geomancy

   Spells                             Type                      Level
   a - Sandblast                      Earth                        1
   b - Passwall                       Transmutation/Earth          2
   c - Stone Arrow                    Conjuration/Earth            3
   d - Petrify                        Transmutation/Earth          4
   e - Lee's Rapid Deconstruction     Earth                        5
Comestibles
 d - 3 bread rations
 k - a royal jelly
 t - 3 fruits
 w - 5 chunks of flesh


   Skills:
 - Level 1.5 Dodging
 - Level 2.1 Stealth
 * Level 4.3 Spellcasting
 + Level 2.3 Conjurations
   Level 0.7 Transmutations
 + Level 5.1 Earth Magic


You had 9 spell levels left.
You knew the following spells:

 Your Spells              Type           Power        Failure   Level  Hunger
a - Sandblast             Erth           ###...       1%          1    None
b - Stone Arrow           Conj/Erth      ###...       10%         3    ###....


Dungeon Overview and Level Annotations

Branches:
Dungeon (3/15)

Altars:


Innate Abilities, Weirdness & Mutations

You are resistant to torment.
Your stone body is resilient. (AC +4)
You are immune to poison.
You resist negative energy. (rN+)
You are resistant to electric shocks. (rElec)
You can survive without breathing.
You are immune to petrification.
You are immune to rotting.


Message History

Casting: Sandblast
Confirm with . or Enter, or press ? or * to list all spells.
Aiming: Sandblast
Press: ? - help, Shift-Dir - straight line, f/p - orc warrior
Aim: an orc warrior, wielding a flail and wearing a chain mail (unusually strong)
The blast of sand hits the orc warrior.
The orc warrior is lightly wounded.
b - 58 stones The orc warrior closely misses you.
The orc barely misses you.
Casting: Sandblast
Confirm with . or Enter, or press ? or * to list all spells.
Aiming: Sandblast
Press: ? - help, Shift-Dir - straight line, f/p - orc warrior
Aim: an orc warrior, wielding a flail and wearing a chain mail (lightly wounded, unusually strong)
The blast of sand hits the orc warrior.
The orc warrior is lightly wounded.
b - 57 stones The orc warrior hits you with a flail!!
Ouch! That really hurt!
You die...

#.......# #....
#.......# ####.
#.......# ###.
#....[.)########...
#.......##.....#..#
+.......'..........
#.......##.#...#...
#.......##.###.####
#.@o....##.........
#######o###########<#.##
......oo# #####
####......# #...<..#
#......# #......#
#......# #...).#.


You could see an orc warrior and 3 orcs.

Vanquished Creatures
  Crazy Yiuf (D:2)
  An orc wizard (D:3)
  Jessica (D:2)
  Robin (D:2)
  5 adders
  2 oozes (D:2)
  3 worms
  2 dart slugs
  A leopard gecko (D:3)
  6 orcs (D:3)
  A giant cockroach (D:3)
  9 goblins
  10 hobgoblins
  4 jackals (D:1)
  2 kobolds (D:2)
  7 bats
  4 frilled lizards
  3 rats
63 creatures vanquished.

Notes
Turn   | Place    | Note
-------+----------+-------------------------------------------
     0 | D:1      | qqqbard the Gargoyle Earth Elementalist began the quest for the Orb.
     0 | D:1      | Reached XP level 1. HP: 10/10 MP: 3/3
   110 | D:1      | Reached XP level 2. HP: 9/15 MP: 0/5
   431 | D:1      | Reached skill level 4 in Earth Magic
   913 | D:2      | Reached XP level 3. HP: 19/19 MP: 4/7
   918 | D:2      | Learned a level 3 spell: Stone Arrow
  1250 | D:2      | Noticed Jessica
  1254 | D:2      | Killed Jessica
  1254 | D:2      | Reached skill level 1 in Conjurations
  1254 | D:2      | Reached XP level 4. HP: 24/24 MP: 6/9
  1457 | D:2      | Noticed Robin
  1470 | D:2      | Killed Robin
  1521 | D:2      | Reached XP level 5. HP: 22/28 MP: 5/10
  1788 | D:2      | Found a runed door.
  1826 | D:2      | Noticed Crazy Yiuf
  1831 | D:2      | Killed Crazy Yiuf
  2080 | D:3      | Reached skill level 5 in Earth Magic
  2405 | D:3      | Reached XP level 6. HP: 32/32 MP: 12/12
  2408 | D:3      | Noticed an orc warrior
  2420 | D:3      | Mangled by an orc warrior

Vault maps used:
D:1:      roderic_dead_forest, minmay_small_reverse_x
D:2:      kennysheep_generic_room_13, uniq_crazy_yiuf_cottage, uniq_robin,
          uniq_jessica
D:3:      marbit_many_paths, first_bread

Skill      XL: |  1  2  3  4  5 |
---------------+----------------+-----
Earth Magic    | 4 5 |  5.1
Spellcasting   | 3 4 |  4.3
Conjurations   | 1 2 |  2.3
Dodging        | |  1.5
Stealth        | |  2.1
Transmutations | |  0.7

Action                   |  1- 3 |  4- 6 || total
-------------------------+-------+-------++-------
Melee: Unarmed           |    19 |       ||    19
       Dagger            |       |   143 ||   143
 Cast: Sandblast         |    36 |    30 ||    66
       Stone Arrow       |       |     5 ||     5
  Use: Scroll            |       |     1 ||     1
 Stab: Sleeping          |       |     5 ||     5
  Eat: Chunk             |       |     5 ||     5
       Meat ration       |       |     1 ||     1
Armor: Robe              |    58 |    59 ||   117
Dodge: Dodged            |    70 |    94 ||   164

Table legend:
 A = Spawn XP
 B = Non-spawn XP
 C = Spawn XP percentage of total XP
 D = Spawn monster count
 E = Non-spawn monster count
 F = Spawn count percentage of total count
 G = Total turns spent on level
                    A         B        C        D         E        F      G
               +---------+---------+-------+---------+---------+-------+---------
         Total |       0 |     327 |   0.0 |       0 |      63 |   0.0 |  2420
               +---------+---------+-------+---------+---------+-------+---------
           D:1 |       0 |      32 |   0.0 |       0 |      17 |   0.0 |   912
           D:2 |       0 |     180 |   0.0 |       0 |      25 |   0.0 |   995
           D:3 |       0 |     115 |   0.0 |       0 |      21 |   0.0 |   513
               +---------+---------+-------+---------+---------+-------+---------
